 Dungeon Crawl Stone Soup version 0.18.1-48-g4cf74bf (webtiles) character file.

287 seewen the Covert (level 6, -2/46 HPs)
             Began as a Vampire Assassin on Aug 28, 2016.
             Was a Follower of Dithmenos.
             Slain by an orc wizard
             ... wielding a +0 dagger
              (4 damage)
             ... on level 4 of the Dungeon.
             The game lasted 00:26:28 (2923 turns).

seewen the Covert (Vampire Assassin)                Turns: 2923, Time: 00:26:29

Health: -2/46      AC:  5    Str: 10    XL:     6   Next: 8%
Magic:  6/6        EV: 13    Int: 14    God:    Dithmenos [*.....]
Gold:   170        SH:  0    Dex: 17    Spells: 0 memorised, 5 levels left

rFire  . . .     SeeInvis +     a - +2 dagger
rCold  . . .     Gourm    .     E - +0 leather armour
rNeg   . . .     Faith    +     (no shield)
rPois  .         Spirit   .     (no helmet)
rElec  .         Dismiss  .     d - +0 cloak
rCorr  .         Reflect  .     (no gloves)
SustAt .         Harm     .     m - +0 pair of boots
MR     .....                    I - amulet of faith
Stlth  ++++++....               (no ring)
                                A - ring of stealth

@: regenerating quickly, wreathed by umbra, not resistant to hostile
enchantments, very stealthy
A: fangs 3, see invisible, unbreathing
a: Renounce Religion


You were on level 4 of the Dungeon.
You worshipped Dithmenos.
Dithmenos was aware of your devotion.
You were very full.

You visited 1 branch of the dungeon, and saw 4 of its levels.

You collected 170 gold pieces.

Inventory:

Hand Weapons
 a - a +2 dagger (weapon)
 b - a +0 blowgun
 s - a +0 short sword
 v - a +0 dagger
 x - a +0 hunting sling of freezing
 F - a +0 falchion
Missiles
 e - 35 poisoned needles
 f - 2 curare-tipped needles
 B - 2 needles of confusion
Armour
 c - a +0 robe
 d - a +0 cloak (worn)
 m - a +0 pair of boots (worn)
 E - a +0 leather armour (worn)
Jewellery
 p - an uncursed amulet of dismissal
 A - a ring of stealth (left hand)
 I - an amulet of faith (around neck)
Wands
 z - a wand of disintegration (8/24)
Scrolls
 l - 3 scrolls of remove curse {unknown}
 n - 5 scrolls of identify {unknown}
 o - a scroll of enchant armour {unknown}
 r - 3 scrolls of blinking {unknown}
 w - a scroll of fear {unknown}
 y - 3 scrolls of teleportation {unknown}
 D - a scroll of fog {unknown}
 G - a scroll of magic mapping {unknown}
 H - 2 scrolls of immolation {unknown}
Potions
 g - 11 potions of blood
 h - 4 potions of brilliance {unknown}
 i - a potion of might {unknown}
 k - a potion of berserk rage {unknown}
 q - a potion of curing {unknown}
 t - a potion of heal wounds {unknown}
 u - a potion of haste {unknown}
 C - a potion of agility {unknown}
 J - a potion of cancellation {unknown}
Comestibles
 j - a meat ration


   Skills:
 + Level 2.4 Fighting
 + Level 3.2 Short Blades
 + Level 1.8 Throwing
 + Level 3.8 Dodging
 + Level 8.5 Stealth


You had 5 spell levels left.
You didn't know any spells.

Dungeon Overview and Level Annotations

Branches:
Dungeon (4/15)
 Temple: D:4-7

Altars:
Ashenzari
Dithmenos
Kikubaaqudgha
Makhleb


Innate Abilities, Weirdness & Mutations

Your natural rate of healing is unusually fast.
You have razor-sharp teeth.
You have supernaturally acute eyesight.
You can survive without breathing.


Message History

You hit the orc priest.
The orc priest is lightly wounded.
The orc priest closely misses you.
The phantom blinks!
The orc wizard hits you but does no damage.
You hit the orc wizard but do no damage.
The orc wizard closely misses you.
You hit the orc wizard.
The orc wizard is lightly wounded.
The orc wizard hits you with a dagger.
The orc priest invokes the aid of Beogh against you.
Beogh smites you!
* * * LOW HITPOINT WARNING * * *
The orc wizard hits you but does no damage.
The orc wizard gestures at you while chanting.
The puff of flame hits you!
* * * LOW HITPOINT WARNING * * *
The orc wizard hits you but does no damage.
The orc wizard hits you with a dagger.
You die...

..#####o## ##o#
#.## ##.# ##l##
#.#o# #.#.##
####o## #@.#
##.## #..# ##
##.#### ###.
###.....## ##...
###........##
##...)
##...........#
#.....
###............#
#.....
##.............##
##.....


You could see an orc priest, 2 orc wizards and a giant newt.

Vanquished Creatures
  A hound (D:2)
  An orc priest (D:3)
  Natasha (thrice) (D:2)
  7 adders
  2 worms (D:2)
  5 giant geckos
  7 orcs (D:3)
  A ball python (D:3)
  5 bats
  2 giant cockroaches
  7 goblins
  5 hobgoblins
  10 jackals
  4 quokkas
  2 giant newts
  6 kobolds
  4 rats
72 creatures vanquished.

Notes
Turn   | Place    | Note
--------------------------------------------------------------
     0 | D:1      | seewen the Vampire Assassin began the quest for the Orb.
     0 | D:1      | Reached XP level 1. HP: 16/16 MP: 1/1
    44 | D:1      | Reached skill level 6 in Stealth
   184 | D:1      | Reached XP level 2. HP: 12/22 MP: 2/2
   874 | D:2      | Found a shadowy altar of Dithmenos.
   891 | D:2      | Reached skill level 7 in Stealth
   935 | D:2      | Reached XP level 3. HP: 21/27 MP: 3/3
  1013 | D:2      | Found an ancient bone altar of Kikubaaqudgha.
  1229 | D:2      | Noticed Natasha
  1256 | D:2      | Killed Natasha
  1256 | D:2      | Reached XP level 4. HP: 25/33 MP: 4/4
  1358 | D:2      | Became a worshipper of Dithmenos the Shadowed
  1361 | D:2      | Noticed Natasha
  1382 | D:2      | Killed Natasha
  1390 | D:2      | Noticed Natasha
  1405 | D:2      | Killed Natasha
  1510 | D:2      | Found a burning altar of Makhleb.
  1514 | D:2      | Reached skill level 8 in Stealth
  1514 | D:2      | Reached XP level 5. HP: 38/38 MP: 5/5
  1899 | D:3      | Reached * piety under Dithmenos
  2706 | D:4      | Reached XP level 6. HP: 46/46 MP: 6/6
  2729 | D:4      | Found a shattered altar of Ashenzari.
  2919 | D:4      | HP: 1/46 [orc wizard/puff of flame (5)]
  2923 | D:4      | Slain by an orc wizard

Skill      XL: |  1  2  3  4  5 |
---------------+----------------+-----
Stealth        | 6 7 8 |  8.5
Fighting       | 2 |  2.4
Dodging        | 2 3 |  3.8
Short Blades   | 3 |  3.2
Throwing       | |  1.8

Action                   |  1- 3 |  4- 6 || total
-------------------------+-------+-------++-------
Melee: Dagger            |    99 |   185 ||   284
       Bite              |     7 |    19 ||    26
  Use: Potion            |     2 |       ||     2
 Stab: Sleeping          |     5 |    12 ||    17
       Distracted        |       |     1 ||     1
  Eat: Corpse            |     7 |    13 ||    20
Armor: Robe              |    13 |    22 ||    35
       Leather armour    |       |    19 ||    19
Dodge: Dodged            |    58 |   107 ||   165
